 Dungeon Crawl Stone Soup version 0.27-a0-328-g7f782ed93a (webtiles) character file.

Game seed: 11244679282974479693

583 HoaS the Cruncher (level 7, -3/40 HPs)
             Began as a Gargoyle Gladiator on Feb 11, 2021.
             Slain by an orc warrior
             ... wielding a +0 trident
              (12 damage)
             ... on level 4 of the Dungeon.
             The game lasted 00:06:46 (3340 turns).

HoaS the Cruncher (Gargoyle Gladiator)              Turns: 3340, Time: 00:06:47

Health: -3/40      AC: 10    Str: 19    XL:     7   Next: 37%
Magic:  7/7        EV: 11    Int:  9    God:
Gold:   123        SH:  0    Dex: 11    Spells: 6/6 levels left

rFire    . . .     SeeInvis .   a - +1 quarterstaff
rCold    . . .     Faith    .   (shield currently unavailable)
rNeg     + . .     Spirit   .   h - +0 ring mail
rPois    ∞         Reflect  .   c - +0 helmet
rElec    +         Harm     .   (no cloak)
rCorr    .         Rampage  .   (no gloves)
Will     .....                  (no boots)
Stlth    +.........             (no amulet)
HPRegen  0.13/turn              (no ring)
MPRegen  0.10/turn              (no ring)

@: no status effects
A: negative energy resistance 1, electricity resistance, unbreathing,
petrification resistance, miasma immunity, AC +4
a: no special abilities


You were on level 4 of the Dungeon.
You visited 1 branch of the dungeon, and saw 4 of its levels.

You collected 123 gold pieces.

Inventory:

Hand Weapons
 a - a +1 quarterstaff (weapon)
Missiles
 b - 29 poisoned darts
 d - a throwing net (quivered)
 j - 10 arrows
Armour
 c - a +0 helmet (worn)
 h - a +0 ring mail (worn)
Scrolls
 g - a scroll of blinking
 i - a scroll of amnesia {unknown}
 k - 4 scrolls of teleportation
 l - 2 scrolls of enchant weapon
 o - a scroll of identify
Potions
 e - a potion of mutation
 f - 2 potions of curing
 m - a potion of flight {unknown}
 n - 2 potions of brilliance {unknown}


   Skills:
 - Level 2.1 Fighting
 * Level 8.3 Staves
 - Level 1.7 Throwing
 - Level 2.4 Dodging


You had 6 spell levels left.
You didn't know any spells.
Your spell library was empty.

Dungeon Overview and Level Annotations

Branches:
Dungeon (4/15)
 Temple: D:4-7

Altars:


Innate Abilities, Weirdness & Mutations

You are resistant to torment.
Your stone body is resilient. (AC +4)
You are immune to poison.
You resist negative energy. (rN+)
You are resistant to electric shocks. (rElec)
You can survive without breathing.
You are immune to petrification.
You are immune to miasma.


Message History

You throw a poisoned dart. The poisoned dart hits the orc warrior.
The orc warrior looks even sicker.
The orc warrior barely misses you.
You throw a throwing net. The throwing net hits the orc warrior.
The orc warrior is caught in the net!
The orc warrior is lightly wounded.
The orc warrior struggles against the net.
The orc warrior struggles against the net.
You hit the orc warrior.
The orc warrior is lightly wounded.
The orc warrior struggles against the net.
Your ring mail prevents you from hitting the orc warrior.
The orc warrior is lightly wounded.
You hit the orc warrior.
The orc warrior is heavily wounded.
The orc warrior struggles against the net.
You catch the helpless orc warrior completely off-guard!
You sock the orc warrior!
The orc warrior is severely wounded.
The orc warrior struggles against the net.
You hit the orc warrior.
The orc warrior is severely wounded.
The orc warrior struggles against the net.
The net rips apart, and the orc warrior comes free!
You hit the orc warrior but do no damage.
The orc warrior is almost dead.
The orc warrior hits you with a +0 trident!
You hit the orc warrior but do no damage.
The orc warrior is almost dead.
The orc warrior hits you but does no damage.
You hit the orc warrior but do no damage.
The orc warrior is almost dead.
You barely miss the orc warrior.
The orc warrior is almost dead.
The orc warrior hits you with a +0 trident!!
* * * LOW HITPOINT WARNING * * *
You hit the orc warrior.
The orc warrior is almost dead.
The orc warrior looks more healthy.
The orc warrior hits you with a +0 trident!
You die...

###.### #.....## ##...... #..#...
################..####
#...................##
#.(.############......
########...o.................
.>..........@.............[##
#.######..###<......###....## #
#.# #..# #..###### #...... .. #.#
#..# #..# ######...... ... #.#
####..# #..###..........#
..Z.#.###.....###.......###.....#
......o.'............†...........
.#.######....?###.####..#........
#.....###.# #..###......


You could see an orc warrior.

Vanquished Creatures
  An ogre (D:4)
  A scorpion (D:3)
  A howler monkey (D:4)
  An orc priest (D:3)
  2 bullfrog skeletons (D:4)
  An iguana (D:4)
  3 worker ants (D:4)
  An orc wizard (D:3)
  8 adders
  A white imp (D:4)
  An ooze (D:3)
  A worm (D:2)
  A dart slug (D:1)
  3 leopard geckos
  12 orcs (D:3)
  A bat (D:1)
  7 giant cockroaches
  17 goblins
  8 hobgoblins
  2 jackals (D:3)
  13 kobolds
  3 quokkas
  4 frilled lizards
  A jackal zombie (D:4)
  2 leopard gecko skeletons (D:4)
  5 rats
101 creatures vanquished.

Notes
Turn   | Place    | Note
-------+----------+-------------------------------------------
     0 | D:1      | HoaS the Gargoyle Gladiator began the quest for the Orb.
     0 | D:1      | Reached XP level 1. HP: 12/12 MP: 1/1
   222 | D:1      | Reached XP level 2. HP: 17/17 MP: 2/2
   492 | D:1      | Reached skill level 4 in Staves
   501 | D:1      | Reached XP level 3. HP: 20/21 MP: 3/3
   672 | D:1      | You fall into a shaft and drop 1 floor!
   920 | D:2      | Reached XP level 4. HP: 12/26 MP: 4/4
  1476 | D:2      | Reached skill level 5 in Staves
  2015 | D:3      | Reached XP level 5. HP: 30/30 MP: 5/5
  2408 | D:3      | Reached skill level 6 in Staves
  2426 | D:4      | Reached XP level 6. HP: 31/35 MP: 6/6
  2542 | D:4      | Reached skill level 7 in Staves
  2827 | D:4      | Reached skill level 8 in Staves
  2827 | D:4      | Reached XP level 7. HP: 28/40 MP: 7/7
  3340 | D:4      | Slain by an orc warrior

Illustrated notes

Levels and vault maps discovered:
D:1:      beargit_arrival_greenhouse, layout_loops_ring
D:2:      layout_loops_cross
D:3:      kennysheep_the_goblin_king, layout_basic
D:4:      minmay_chambers_of_threes, layout_basic, serial_shops,
          nicolae_shop_temple_entry_statues_fountains, nicolae_xom_altar_mimics

Skill      XL: |  1  2  3  4  5  6 |
---------------+-------------------+-----
Staves         | 4 5 6 8 |  8.3
Fighting       | |  2.1
Throwing       | |  1.7
Dodging        | |  2.4

Action                   |  1- 3 |  4- 6 |  7- 9 || total
-------------------------+-------+-------+-------++-------
Melee: Quarterstaff      |    97 |   219 |    42 ||   358
Throw: Throwing net      |       |     1 |     1 ||     2
       Dart              |       |       |     3 ||     3
  Use: Scroll            |     3 |     6 |       ||     9
 Stab: Held in net/web   |       |       |     1 ||     1
Armor: Leather armour    |    20 |       |       ||    20
       Ring mail         |    26 |   107 |    10 ||   143
Dodge: Dodged            |    50 |   131 |    14 ||   195

Table legend: (Time is in decaauts)
 A = Elapsed time spent in this place.
 B = Non-inter-level travel time spent in this place.
 C = Inter-level travel time spent in this place.
 D = Time resting spent in this place.
 E = Time spent auto-exploring this place.
 F = Levels seen in this place.
 G = Mean time per level.
                   A        B        C        D        E       F      G
               +--------+--------+--------+--------+--------+-----+--------+
         Total |   3354 |   3236 |    118 |    842 |   1700 |   4 |  838.5 |
       Dungeon |   3354 |   3236 |    118 |    842 |   1700 |   4 |  838.5 |
               +--------+--------+--------+--------+--------+-----+--------+

Top non-repeatable levels by time:
     D:3: 1206 daAuts
     D:1: 794 daAuts
     D:2: 777 daAuts
     D:4: 576 daAuts
